 Dungeon Crawl Stone Soup version 0.23-a0-385-gb2d581486a (webtiles) character file.

3946 Kaname the Destroyer (level 10, 74/74 HPs)
             Began as a Demonspawn Wizard on Oct 28, 2018.
             Was an Initiate of Gozag.
             Quit the game on level 8 of the Dungeon.
             The game lasted 00:30:51 (8131 turns).

Kaname the Destroyer (Demonspawn Wizard)            Turns: 8131, Time: 00:30:51

Health: 74/74      AC:  8    Str:  8    XL:     10   Next: 2%
Magic:  8/16       EV: 12    Int: 22    God:    Gozag
Gold:   376        SH:  0    Dex: 12    Spells: 3/17 levels left

rFire    + . .     SeeInvis .   A - +3 dagger (chaos)
rCold    + . .     Gourm    .   (no shield)
rNeg     . . .     Faith    .   B - +2 robe {rF+}
rPois    .         Spirit   .   (helmet restricted)
rElec    .         Reflect  .   (no cloak)
rCorr    .         Harm     +   (no gloves)
MR       .....                  (no boots)
Stlth    ++++......             i - amulet of harm
HPRegen  0.22/turn              u - ring of stealth
MPRegen  0.15/turn              h - +4 ring of slaying

@: gold aura
A: horns 2, iridescent scales 2, cold resistance 1, spiny 1, freezing cloud
immunity
a: Potion Petition, Call Merchant, Bribe Branch, Renounce Religion


You were on level 8 of the Dungeon.
You worshipped Gozag.
Gozag was aware of your devotion.
You were hungry.

You visited 2 branches of the dungeon, and saw 9 of its levels.
You also visited: Sewer.

You collected 1239 gold pieces.
You paid 863 gold pieces to Gozag.

Inventory:

Hand Weapons
 A - a +3 dagger of chaos (weapon)
Missiles
 k - 182 arrows
 o - 7 needles of paralysis
 y - 5 tomahawks of dispersal (quivered)
Armour
 B - a +2 robe of fire resistance (worn)
Jewellery
 h - a +4 ring of slaying (right hand)
 i - an amulet of harm (around neck)
 j - an uncursed ring of see invisible
 u - a ring of stealth (left hand)
Wands
 p - a wand of disintegration (16)
 s - a wand of paralysis (3)
Scrolls
 b - 2 scrolls of immolation
 c - 2 scrolls of enchant weapon
 f - 5 scrolls of amnesia
 m - 5 scrolls of remove curse
 n - a scroll of blinking
 r - 7 scrolls of teleportation
 z - a scroll of identify
Potions
 e - 2 potions of haste
 g - 3 potions of curing
 l - 2 potions of flight
 q - 3 potions of brilliance
 v - 3 potions of heal wounds
 w - a potion of lignification
Comestibles
 d - 10 rations


   Skills:
 - Level 5.3 Fighting
 + Level 3.0 Short Blades
 - Level 1.7 Dodging
 - Level 5.0 Stealth
 - Level 4.2 Spellcasting
 - Level 10.0 Conjurations
   Level 1.0 Summonings
 - Level 0.8 Translocations
 - Level 5.0 Air Magic


You had 3 spell levels left.
You knew the following spells:

 Your Spells              Type           Power        Failure   Level  Hunger
a - Magic Dart            Conj           ####         1%          1    None
b - Blink                 Tloc           N/A          12%         2    #......
c - Mephitic Cloud        Conj/Pois/Air  ####....     4%          3    ##.....
d - Conjure Flame         Conj/Fire      ####....     4%          3    ##.....
l - Lightning Bolt        Conj/Air       #####.....   14%         5    ######.

Your spell library contained the following spells:

 Spells                   Type           Power        Failure   Level  Hunger
 Shock                    Conj/Air       ####         1%          1    None
 Static Discharge         Conj/Air       #####...     1%          3    ##.....
 Swiftness                Chrm/Air       ###.....     6%          2    #......
 Call Imp                 Summ           #.......     11%         2    #......
 Slow                     Hex            #.......     17%         2    #......
 Airstrike                Air            ####......   14%         4    ####...


Dungeon Overview and Level Annotations

Branches:
Dungeon (8/15)             Temple (1/1) D:5            Lair (0/6) D:8

Altars:
Cheibriados
Dithmenos
Elyvilon
Gozag
Hepliaklqana
Kikubaaqudgha
Makhleb
Nemelex Xobeh
Qazlal
Ru
Trog
Vehumet
Wu Jian
Yredelemnul
Zin

Shops:
D:8 :

Annotations:
D:6 2 transporters, Slothtographer's ghost, novice BaFi
D:8 3 runed doors, Finguili's ghost, novice TeWr


Innate Abilities, Weirdness & Mutations

You have a pair of horns on your head.
You are mostly covered in iridescent scales. (AC +4)
Your flesh is cold resistant. (rC+)
You are partially covered in sharp spines.
You are immune to freezing clouds.


Message History

Casting: Magic Dart (safe; 1% risk of failure)
Confirm with . or Enter, or press ? or * to list all spells.
Aiming: Magic Dart (safe; 1% risk of failure)
Press: ? - help, Shift-Dir - straight line, f/p - phantom
Aim: a phantom (almost destroyed)
The magic dart hits the phantom.
The phantom is almost destroyed.
The phantom blinks!
Casting: Magic Dart (safe; 1% risk of failure)
Confirm with . or Enter, or press ? or * to list all spells.
Aiming: Magic Dart (safe; 1% risk of failure)
Press: ? - help, Shift-Dir - straight line, f/p - phantom
Aim: a phantom (almost destroyed)
The magic dart hits the phantom.
You destroy the phantom!
Your Short Blades skill increases to level 3!
You have reached level 10!
Your demonic ancestry asserts itself...
Sharp spines emerge from parts of your body.
Are you sure you want to abandon this character and quit the game? (Confirm

#.###.......# ##.######
##..########## ##.......# #...#
#... #......#.# #.#.# #$...
#....#.#.# #...# #....
#..#...#.####### ##.## #.....
#..##..#.##..... #.#
#.....###..##.)#.".....# #.#
#.....#...)..).#..#... #.#
#@#####.######..#. #.########
#.# #.# #.##P
#.....)..#####.#####[# #..PP
########.##.......##.######≈...
#.##.#......#......#..PP #
#.##.#..##..#...##.#.##. #
#.#(............##.#..#. #
#..[.....#..##..#...#...
###[.#.###.............#


There were no monsters in sight!

Vanquished Creatures
  Psyche (D:8)
  A meliai zombie (D:7)
  Prince Ribbit (D:7)
  Sigmund (D:4)
  2 water moccasins
  Duvessa (D:7)
  An ice beast (D:8)
  4 ogres
  An orc warrior (D:7)
  5 phantoms
  3 centaurs
  2 big kobolds
  Blork the orc (D:4)
  5 bullfrogs
  A wyvern zombie (D:6)
  A scorpion (D:6)
  Dowan (D:7)
  A howler monkey (D:4)
  4 crimson imps
  An orc priest (D:7)
  A hound (D:7)
  4 jellies
  6 orc wizards
  6 worker ants
  2 worker ant zombies (D:5)
  7 adders
  A river rat (Sewer)
  A shadow imp (D:7)
  An adder zombie (D:5)
  4 worms
  3 dart slugs
  8 leopard geckos
  20 orcs
  5 giant cockroaches
  13 goblins
  11 hobgoblins
  10 jackals
  17 kobolds
  2 quokkas (D:6)
  4 ball pythons
  11 bats
  3 frilled lizards
  A jackal skeleton (D:7)
  A leopard gecko skeleton (D:5)
  A quokka skeleton (D:4)
  10 rats
191 creatures vanquished.

Vanquished Creatures (others)
  A fungus (D:8)
1 creature vanquished.

Grand Total: 192 creatures vanquished

Notes
Turn   | Place    | Note
-------+----------+-------------------------------------------
     0 | D:1      | Kaname the Demonspawn Wizard began the quest for the Orb.
     0 | D:1      | Reached XP level 1. HP: 13/13 MP: 4/4
   332 | D:1      | Reached skill level 2 in Conjurations
   380 | D:1      | Gained mutation: Your flesh is cold resistant. (rC+)
                  | [demonic ancestry]
   380 | D:1      | Reached XP level 2. HP: 13/19 MP: 0/6
  1178 | D:1      | Reached skill level 3 in Conjurations
  1181 | D:1      | Gained mutation: You are partially covered in iridescent
                  | scales. (AC +2) [demonic ancestry]
  1181 | D:1      | Reached XP level 3. HP: 18/24 MP: 1/7
  1417 | D:1      | Learned a level 2 spell: Blink
  1421 | D:1      | Learned a level 3 spell: Mephitic Cloud
  1700 | D:2      | Found a burning altar of Makhleb.
  1701 | D:2      | Found a radiant altar of Vehumet.
  1800 | D:2      | Gained mutation: You have a pair of small horns on your
                  | head. [demonic ancestry]
  1800 | D:2      | Reached XP level 4. HP: 23/30 MP: 0/8
  1895 | D:2      | Reached skill level 4 in Conjurations
  2038 | D:2      | Found a white marble altar of Elyvilon.
  2303 | D:2      | Found a snail-covered altar of Cheibriados.
  2303 | D:2      | Found a bloodstained altar of Trog.
  2304 | D:2      | Found an ancient bone altar of Kikubaaqudgha.
  2326 | D:2      | Learned a level 3 spell: Conjure Flame
  2815 | D:3      | Found a sparkling altar of Nemelex Xobeh.
  3026 | D:4      | Noticed Sigmund
  3039 | D:4      | Killed Sigmund
  3039 | D:4      | Reached skill level 6 in Conjurations
  3039 | D:4      | Reached XP level 5. HP: 35/35 MP: 0/9
  3039 | D:4      | Reached XP level 6. HP: 41/41 MP: 0/10
  3148 | D:4      | Noticed Blork the orc
  3392 | D:4      | Killed Blork the orc
  3569 | D:4      | Found a stormy altar of Qazlal.
  3743 | D:5      | Entered Level 5 of the Dungeon
  3772 | D:5      | Noticed a water moccasin
  3776 | D:5      | Found a staircase to the Ecumenical Temple.
  3800 | D:5      | Reached skill level 7 in Conjurations
  3800 | D:5      | Gained mutation: You are mostly covered in iridescent
                  | scales. (AC +4) [demonic ancestry]
  3800 | D:5      | Reached XP level 7. HP: 41/46 MP: 4/13
  3846 | D:5      | Found a glowing drain.
  3882 | Temple   | Entered the Ecumenical Temple
  3910 | Temple   | Became a worshipper of Gozag Ym Sagoz the Greedy
  4034 | Sewer    | Entered a sewer
  4139 | Sewer    | Found a white marble altar of Elyvilon.
  4226 | D:5      | Reached skill level 8 in Conjurations
  4350 | D:5      | Gained mutation: You are immune to freezing clouds.
                  | [demonic ancestry]
  4350 | D:5      | Reached XP level 8. HP: 51/52 MP: 5/14
  4634 | D:5      | Reached skill level 5 in Stealth
  4823 | D:5      | Reached skill level 1 in Fighting
  5135 | D:6      | Found a white marble altar of Elyvilon.
  5180 | D:6      | Found a transporter.
  5182 | D:6      | Noticed Slothtographer's ghost (novice BaFi)
  5187 | D:6      | Found a transporter.
  5463 | D:6      | Learned a level 5 spell: Lightning Bolt
  5470 | D:6      | You fall through a shaft for 2 floors!
  5476 | D:8      | Reached skill level 5 in Fighting
  5525 | D:7      | Noticed Prince Ribbit
  5546 | D:7      | Killed Prince Ribbit
  5546 | D:7      | Gained mutation: You have a pair of horns on your head.
                  | [demonic ancestry]
  5546 | D:7      | Reached XP level 9. HP: 60/68 MP: 7/15
  5686 | D:7      | Noticed Duvessa
  5719 | D:7      | Killed Duvessa
  5739 | D:7      | Noticed Dowan
  5747 | D:7      | Killed Dowan
  5913 | D:7      | Reached skill level 5 in Air Magic
  6325 | D:7      | Reached skill level 9 in Conjurations
  7168 | D:6      | Found a white marble altar of Elyvilon.
  7271 | D:6      | Found a transporter.
  7275 | D:6      | Found a transporter.
  7384 | D:8      | Noticed Psyche
  7759 | D:8      | Killed Psyche
  7759 | D:8      | Reached skill level 10 in Conjurations
  7887 | D:8      | Found an ornate altar of the Wu Jian Council.
  7958 | D:8      | Found a runed gate.
  7958 | D:8      | Found a runed gate.
  7959 | D:8      | Found a runed gate.
  7968 | D:8      | Noticed Finguili's ghost (novice TeWr)
  8004 | D:8      | Found a staircase to the Lair.
  8130 | D:8      | Gained mutation: You are partially covered in sharp spines.
                  | [demonic ancestry]
  8130 | D:8      | Reached XP level 10. HP: 74/74 MP: 8/16
  8131 | D:8      | Quit the game

Vault maps used:
D:1:      lightli_arrival_lavapool, chequers_big_river
D:2:      grunt_temple_overflow_open,
          chequers_temple_overflow_statue_of_worship,
          nicolae_overflow_hidden_temple, dk_noncrumbling_3
D:3:      nemelex_xobeh_ov_fountains_minmay, first_ration
D:4:      nicolae_overflow_crystal_walls, uniq_blork_the_orc, uniq_sigmund
D:5:      corexii_shack_village, temple_green, cheibrodos_sewer_entry_drain
D:6:      gammafunk_ghost_smash, elyvilon_altar_4
D:7:      minmay_unpleasant_kobolds, uniq_prince_ribbit1, uniq_duvessa
D:8:      lemuel_crystal_altar, dpeg_oklobed_lair, gammafunk_ghost_spectres,
          uniq_psyche, uniq_maurice, uniq_grum
Temple:   oiseaux_autumnal_temple
Sewer:    sewer_kobolds

Skill      XL: |  1  2  3  4  5  6  7  8  9 |
---------------+----------------------------+-----
Conjurations   | 2 3 6 7 8 10 | 10.0
Spellcasting   | 4 |  4.2
Stealth        | 3 5 |  5.0
Fighting       | 5 |  5.3
Air Magic      | 2 5 |  5.0
Short Blades   | 3 |  3.0
Dodging        | |  1.7
Summonings     | |  1.0
Translocations | |  0.8

Action                   |  1- 3 |  4- 6 |  7- 9 | 10-12 || total
-------------------------+-------+-------+-------+-------++-------
Melee: Unarmed           |    21 |       |       |       ||    21
       Short sword       |    56 |       |       |       ||    56
       Spear             |     3 |    58 |       |       ||    61
       Headbutt          |       |     6 |    24 |       ||    30
       Quarterstaff      |       |    15 |    59 |       ||    74
       Dagger            |       |       |   145 |       ||   145
Throw: Tomahawk          |       |       |     1 |       ||     1
 Cast: Magic Dart        |    89 |    63 |   193 |     1 ||   346
       Mephitic Cloud    |       |     5 |     8 |       ||    13
       Blink             |       |     2 |     1 |       ||     3
       Conjure Flame     |       |       |     4 |       ||     4
Invok: Call Merchant     |       |       |     1 |       ||     1
Evoke: Wand              |       |       |     1 |       ||     1
  Use: Scroll            |       |     8 |     4 |       ||    12
       Potion            |       |     3 |       |       ||     3
 Stab: Sleeping          |     3 |     1 |     7 |       ||    11
       Confused          |       |     2 |     3 |       ||     5
       Paralysed         |       |       |     1 |       ||     1
  Eat: Chunk             |     3 |     6 |     1 |       ||    10
       Ration            |       |       |     4 |       ||     4
Armor: Robe              |    26 |    17 |    52 |       ||    95
       Skin              |       |    13 |       |       ||    13
Dodge: Dodged            |    76 |    43 |   107 |       ||   226

Table legend:
 A = Non-vault XP
 B = Vault XP
 C = Vault XP percentage of total XP
 D = Non-vault monster count
 E = Vault monster count
 F = Vault count percentage of total count
                 A         B        C        D         E       F
            +---------+---------+-------+---------+---------+-------
      Total |    4138 |    1500 |  26.6 |     154 |      37 |  19.4
            +---------+---------+-------+---------+---------+-------
        D:1 |      43 |       0 |   0.0 |      27 |       0 |   0.0
        D:2 |      67 |       0 |   0.0 |      26 |       0 |   0.0
        D:3 |      82 |       0 |   0.0 |      14 |       0 |   0.0
        D:4 |     205 |     306 |  59.9 |      10 |       2 |  16.7
        D:5 |    1023 |      30 |   2.8 |      22 |      12 |  35.3
        D:6 |     641 |       2 |   0.3 |      10 |       1 |   9.1
        D:7 |    1026 |     578 |  36.0 |      29 |       9 |  23.7
        D:8 |    1051 |     463 |  30.6 |      16 |       1 |   5.9
      Sewer |       0 |     121 | 100.0 |       0 |      12 | 100.0
            +---------+---------+-------+---------+---------+-------
